 Dungeon Crawl Stone Soup version 0.29-a0-834-g1e95ca9f62 (webtiles) character file.

Game seed: 1186416018014237180

2167 LynnLen the Covert (level 9, -1/52 HPs)
             Began as a Vampire Enchanter on July 12, 2022.
             Was a Believer of Dithmenos.
             Killed from afar by an orc (28 damage)
             ... with a bolt of dispelling energy
             ... on level 7 of the Dungeon on July 13, 2022.
             The game lasted 00:19:26 (7024 turns).

LynnLen the Covert (Vampire Enchanter)              Turns: 7024, Time: 00:19:26

Health: -1/52      AC: 12    Str:  7    XL:     9   Next: 10%
Magic:  12/12      EV: 17    Int: 19    God:    Dithmenos [**....]
Gold:   281        SH:  0    Dex: 17    Spells: 4/12 levels left

rFire   . . .      SeeInvis +   a - +3 dagger
rCold   + + .      Faith    .   (no shield)
rNeg    + + +      Spirit   .   g - +1 leather armour
rPois   ∞          Reflect  .   r - +0 helmet
rElec   .          Harm     .   e - +0 cloak
rCorr   .          Rampage  .   (no gloves)
Will    .....                   p - +1 pair of boots
Stlth   ++++++++..              (no amulet)
HPRegen 0.00/turn               o - +4 ring of evasion
MPRegen 0.13/turn               l - +4 ring of protection

@: bloodless, inhibited regen, wreathed by umbra
A: bloodless, fangs 3, see invisible, vampiric 2
a: Bat Form, Revivify, Renounce Religion, Shadow Step


You were on level 7 of the Dungeon.
You worshipped Dithmenos.
Dithmenos was pleased with you.
You visited 2 branches of the dungeon, and saw 8 of its levels.

You collected 473 gold pieces.
You spent 192 gold pieces at shops.

Inventory:

Hand Weapons
 a - a +3 dagger (weapon)
 x - a +0 whip of draining
Missiles
 f - 63 stones
 j - 22 poisoned darts (quivered)
 m - 5 atropa-tipped darts
 s - 9 curare-tipped darts
Armour
 e - a +0 cloak (worn)
 g - a +1 leather armour (worn)
 p - a +1 pair of boots (worn)
 r - a +0 helmet (worn)
Jewellery
 d - the ring of Xoppaca {Fire rN++ rCorr Dex-5 Stlth+}
   (You acquired it on level 3 of the Dungeon)

   [ring of fire]

   It enhances your fire magic.
   Dex:       It affects your dexterity (-5).
   rF:        It protects you from fire.
   rC:        It makes you vulnerable to cold.
   rN:        It greatly protects you from negative energy.
   rCorr:     It protects you from acid and corrosion.
   Stlth:     It makes you more stealthy.
 l - a +4 ring of protection (right hand)
 o - a +4 ring of evasion (left hand)
 z - a +6 ring of intelligence
Wands
 t - a wand of flame (35)
 u - a wand of roots (11)
Scrolls
 b - a scroll of poison
 n - a scroll of torment {unknown}
 y - 2 scrolls of blinking {unknown}
 B - a scroll of identify
Potions
 c - a potion of invisibility
 h - a potion of mutation
 i - 2 potions of attraction
 q - a potion of cancellation {unknown}
 v - a potion of curing
 w - a potion of ambrosia {unknown}
 A - a potion of haste


   Skills:
 * Level 4.3 Fighting
 * Level 8.7 Short Blades
 + Level 4.6 Dodging
 + Level 11.0 Stealth
 - Level 2.0 Spellcasting
 - Level 4.4 Hexes


You had 4 spell levels left.
You knew the following spells:

 Your Spells              Type           Power      Damage    Failure   Level
a - Confusing Touch       Hex            18%        N/A       13%         3
b - Tukima's Dance        Hex            18%        N/A       13%         3
c - Ensorcelled Hibernat  Hex/Ice        20%        N/A       16%         2

Your spell library contained the following spells:

 Spells                   Type           Power      Damage    Failure   Level
 Dazzling Flash           Conj/Hex       20%        N/A       30%         3


Dungeon Overview and Level Annotations

Branches:
Dungeon (7/15)             Temple (1/1) D:5

Altars:
Ashenzari
Cheibriados
Dithmenos
Fedhas
Gozag
Hepliaklqana
Kikubaaqudgha
Makhleb
Nemelex Xobeh
Okawaru
Qazlal
Ru
Sif Muna
Trog
Vehumet
Wu Jian
Xom
Yredelemnul

Shops:
D:2 [   D:4 [


Innate Abilities, Weirdness & Mutations

You do not regenerate when monsters are visible.
You are frail without blood (-20% HP).
You can heal yourself when you bite living creatures.
You are immune to poison.
You have razor-sharp teeth.
You have supernaturally acute eyesight. (SInv)
You are afflicted with vampirism and can become a bat while bloodless.


Message History

The bullfrog is severely wounded.
The bullfrog closely misses you.
You miss the bullfrog.
The bullfrog is severely wounded.
The bullfrog hits you but does no damage.
You hit the bullfrog.
The bullfrog is almost dead.
The bullfrog closely misses you.
You hit the bullfrog.
The bullfrog is almost dead.
The bullfrog barely misses you.
You puncture the bullfrog!
You kill the bullfrog!
Dithmenos accepts your kill.
You see here a bullfrog corpse.
You see here the human skeleton of Prince Ribbit.
Key pressed, stopping explore.
No target in view!
Found an escape hatch in the floor.
Found a stone staircase leading up.
An orc comes into view. It is wielding a +0 war axe.
An orc is nearby!
Found a scroll of identify.
An orc comes into view. It is wielding a +0 short sword.
An orc priest comes into view. It is wielding a +0 dagger.
B - a scroll of identify
There are no items here.
An orc comes into view. It is wielding a +0 flail.
An orc comes into view.
It is wielding a +0 falchion, wearing the +1 leather armour of the Gardener {Harm Will+ rCorr} and carrying a wand of quicksilver (5).
The orc shouts!
You hear a shout!
The orc shouts!
The orc zaps a wand.
The bolt of dispelling energy hits you!!
The orc shouts!
The orc zaps a wand.
The bolt of dispelling energy hits you!!
* * * LOW HITPOINT WARNING * * *
You feel much better.
The orc zaps a wand.
The bolt of dispelling energy hits you!!
Ouch! That really hurt!
You die...

..o..........####
#.#.
.........#####
#... ..o......#
#... .......o.##
##### #...
......##o.####...#
##.. ....##
#o.##.....## #...
...# ##.#.......##
#... .##
#.##.......# ##...
#@###......# #....
#..##......###....
#..###......##....
#..# ##.....#.....
.#.# #...........
# .# ##########..
## ###


You could see 3 orcs.

Vanquished Creatures
  Grinder (D:6)
  A hornet (D:6)
  Prince Ribbit (D:7)
  A steam dragon (D:7)
  Menkaure (D:5)
  2 black bears
  A centaur (D:7)
  A kobold brigand (D:6)
  Blork the orc (D:6)
  2 bullfrogs
  A scorpion (D:6)
  A gnoll bouda (D:6)
  3 hounds
  3 orc priests
  A jelly (D:6)
  3 iguanas
  3 orc wizards (D:6)
  5 adders
  3 gnolls (D:6)
  3 white imps
  2 ufetubi
  2 worms
  3 dart slugs
  17 orcs
  4 ball pythons
  7 endoplasms
  A giant cockroach (D:2)
  16 goblins
  11 hobgoblins
  27 kobolds
  A quokka (D:3)
  2 bats
  2 frilled lizards
  3 rats
136 creatures vanquished.

Vanquished Creatures (collateral kills)
  Edmund (D:6)
1 creature vanquished.

Vanquished Creatures (others)
  A plant (D:6)
1 creature vanquished.

Grand Total: 138 creatures vanquished

Notes
Turn   | Place    | Note
-------+----------+-------------------------------------------
     0 | D:1      | LynnLen the Vampire Enchanter began the quest for the Orb.
     0 | D:1      | Reached XP level 1. HP: 13/13 MP: 3/3
   152 | D:1      | Reached XP level 2. HP: 12/16 MP: 5/5
   485 | D:1      | Reached skill level 5 in Stealth
   644 | D:1      | Found a faded altar of an unknown god.
  1745 | D:2      | Gained mutation: You are afflicted with vampirism and can
                  | become a bat while bloodless. [Vampire growth]
  1745 | D:2      | Reached XP level 3. HP: 20/20 MP: 6/6
  2536 | D:2      | Reached skill level 1 in Fighting
  2599 | D:2      | Found a shimmering altar of Xom.
  2673 | D:2      | Found Ryqa's Antique Armour Emporium.
  2987 | D:3      | Reached XP level 4. HP: 23/25 MP: 7/7
  3434 | D:3      | Identified a scroll of acquirement
  3434 | D:3      | Acquired the ring of Xoppaca {Fire rN++ rCorr Dex-5 Stlth+}
  3584 | D:4      | Noticed a black bear
  3588 | D:4      | Killed a black bear
  3589 | D:4      | Reached skill level 6 in Stealth
  3589 | D:4      | Reached XP level 5. HP: 30/30 MP: 8/8
  3656 | D:4      | Found Hutaduh's Armour Shop.
  3664 | D:4      | Bought a +1 pair of boots for 138 gold pieces
  3664 | D:4      | Bought a +0 helmet for 54 gold pieces
  3953 | D:4      | Reached XP level 6. HP: 35/35 MP: 9/9
  4139 | D:5      | Entered Level 5 of the Dungeon
  4190 | D:5      | Noticed Menkaure
  4206 | D:4      | Learned a level 3 spell: Confusing Touch
  4214 | D:5      | Killed Menkaure
  4215 | D:5      | Reached skill level 5 in Short Blades
  4215 | D:5      | Reached skill level 7 in Stealth
  4220 | D:5      | Learned a level 3 spell: Tukima's Dance
  4223 | D:5      | Learned a level 2 spell: Ensorcelled Hibernation
  4856 | D:5      | Found a staircase to the Ecumenical Temple.
  4871 | Temple   | Entered the Ecumenical Temple
  4925 | Temple   | Became a worshipper of Dithmenos the Shadowed
  5157 | D:6      | Reached XP level 7. HP: 40/40 MP: 10/10
  5201 | D:6      | Reached * piety under Dithmenos
  5270 | D:6      | Noticed Blork the orc
  5274 | D:6      | Killed Blork the orc
  5275 | D:6      | Reached skill level 8 in Stealth
  5504 | D:6      | Noticed Grinder
  5543 | D:6      | Killed Grinder
  5544 | D:6      | Reached skill level 9 in Stealth
  5709 | D:6      | Reached XP level 8. HP: 46/46 MP: 11/11
  5769 | D:6      | Noticed Edmund
  6216 | D:6      | Noticed a hornet
  6223 | D:6      | Killed a hornet
  6224 | D:6      | Reached skill level 10 in Stealth
  6249 | D:6      | Reached ** piety under Dithmenos
  6332 | D:6      | Killed Edmund
  6398 | D:6      | Found a bloodstained altar of Trog.
  6654 | D:7      | Noticed Prince Ribbit
  6686 | D:7      | Killed Prince Ribbit
  6720 | D:7      | Reached XP level 9. HP: 35/52 MP: 12/12
  6732 | D:7      | Reached skill level 11 in Stealth
  7014 | D:7      | Identified the +1 leather armour of the Gardener {Harm
                  | Will+ rCorr}
  7024 | D:7      | Killed from afar by an orc

Illustrated notes

Levels and vault maps discovered:
D:1:      mushboom_english_gardens, layout_basic,
          hellmonk_ecumenical_altar_zigzags
D:2:      layout_loops_corners, basic_altar, serial_shops, nicolae_shop_trees
D:3:      layout_rooms, minmay_goblin_outpost
D:4:      layout_loops_cross, serial_shops, shop, st_stairs_13
D:5:      nicolae_BIG_FREAKIN_CUBE, layout_basic,
          minmay_temple_entry_proselytizer, uniq_menkaure
D:6:      corexii_shantytown, layout_rooms, jmf_multi_god_temple,
          minmay_misc_feat_pillars, chequers_serial_rivers_small_b, uniq_edmund,
          uniq_grinder, uniq_blork_the_orc
D:7:      layout_cave_pods, uniq_prince_ribbit1
Temple:   hellmonk_temple_of_storms

Skill      XL: |  1  2  3  4  5  6  7  8  9 |
---------------+----------------------------+-----
Stealth        | 5 6 7 9 10 11 | 11.0
Short Blades   | 2 4 5 6 8 |  8.7
Fighting       | 1 2 3 4 |  4.3
Dodging        | 3 4 |  4.6
Spellcasting   | |  2.0
Hexes          | |  4.4

Action                   |  1- 3 |  4- 6 |  7- 9 || total
-------------------------+-------+-------+-------++-------
Melee: Dagger            |   137 |   135 |   282 ||   554
       Bite              |     6 |    22 |    35 ||    63
       Punch             |       |     3 |     2 ||     5
Throw: Dart              |       |     2 |     4 ||     6
 Cast: Confusing Touch   |       |     1 |     2 ||     3
       Tukima's Dance    |       |       |     1 ||     1
 Abil: Exsanguinate      |     1 |       |       ||     1
  Use: Scroll            |     7 |     7 |     1 ||    15
       Potion            |     1 |       |     5 ||     6
 Stab: Sleeping          |    14 |    20 |    18 ||    52
       Distracted        |       |     1 |     1 ||     2
       Confused          |       |     1 |     1 ||     2
Armor: Robe              |     9 |       |       ||     9
       Leather armour    |    10 |    28 |    60 ||    98
Dodge: Dodged            |    57 |    80 |   200 ||   337

Table legend: (Time is in decaauts)
 A = Elapsed time spent in this place.
 B = Non-inter-level travel time spent in this place.
 C = Inter-level travel time spent in this place.
 D = Time resting spent in this place.
 E = Time spent auto-exploring this place.
 F = Levels seen in this place.
 G = Mean time per level.
                   A        B        C        D        E       F      G
               +--------+--------+--------+--------+--------+-----+--------+
         Total |   6869 |   6775 |     94 |    283 |   4193 |   8 |  858.6 |
       Dungeon |   6787 |   6693 |     94 |    283 |   4156 |   7 |  969.6 |
        Temple |     82 |     82 |      0 |      0 |     37 |   1 |   82.0 |
               +--------+--------+--------+--------+--------+-----+--------+

Top non-repeatable levels by time:
     D:1: 1525 daAuts
     D:2: 1426 daAuts
     D:6: 1424 daAuts
     D:5: 759 daAuts
     D:4: 670 daAuts
     D:7: 505 daAuts
     D:3: 474 daAuts
  Temple: 82 daAuts
